[Event "Titled Tuesday Blitz May 30 Early 2023"]
[White "Molina, Roberto Junio Brito"]
[Black "Rosenberg, Evan S"]
[WhiteFideId "2109450"]
[BlackFideId "2019299"]
[WhiteElo "2376"]
[BlackElo "2326"]
[Result "1-0"]
[Round "08"]
[TimeControl "180+2"]
[Date "2023.05.30"]
[WhiteClock "0:01:54"]
[BlackClock "0:01:30"]

1. e4 c5 2. Nf3 g6 3. d4 cxd4 4. Nxd4 Nf6 5. Nc3 Nc6 6. Nxc6 dxc6 7. Qxd8+ Kxd8 8. e5 Nd5 9. Bd2 Bg7 10. f4 Bf5 11. O-O-O Kc7 12. Be2 Nxc3 13. Bxc3 Be4 14. Rhg1 Rad8 15. Bb4 Rxd1+ 16. Bxd1 Re8 17. Be2 h5 18. g3 b6 19. Rd1 c5 20. Bd2 Rd8 21. Re1 Bf5 22. Bf3 e6 23. Rh1 f6 24. exf6 Bxf6 25. Be3 e5 26. Re1 exf4 27. Bxf4+ Kc8 28. Be2 Re8 29. Ba6+ Kd8 30. Bc7+ Kxc7 31. Rxe8 Bg5+ 32. Kd1 Bg4+ 33. Be2 Bd7 34. Rg8 Bf5 35. Bd3 Bg4+ 36. Ke1 1-0


[Site "https://www.chess.com"]

[Event "Titled Tuesday Blitz May 30 Early 2023"]
[White "Aradhya, Garg"]
[Black "Ginzburg, Yakov"]
[WhiteFideId "25006746"]
[BlackFideId "4157176"]
[WhiteElo "2263"]
[BlackElo "2305"]
[Result "1/2-1/2"]
[Round "08"]
[TimeControl "180+2"]
[Date "2023.05.30"]
[WhiteClock "0:00:47"]
[BlackClock "0:00:06"]

1. d4 d5 2. c4 c6 3. Nc3 Nf6 4. e3 a6 5. Nf3 b5 6. b3 Bg4 7. Be2 Nbd7 8. Ne5 Bxe2 9. Qxe2 Qc7 10. Bb2 e6 11. Rc1 Nxe5 12. dxe5 Nd7 13. cxd5 Nxe5 14. dxc6 Qxc6 15. O-O Ng6 16. Rfd1 Qb7 17. a4 b4 18. Nb1 Be7 19. Bxg7 Rg8 20. Qb2 f6 21. g3 Rxg7 22. Nd2 Ne5 23. Nc4 Nf3+ 24. Kf1 Nxh2+ 25. Ke1 Qh1+ 26. Ke2 Qf3+ 27. Ke1 Qg4 28. Nd6+ Kf8 29. Rc4 Nf3+ 30. Kf1 Qh5 31. Qc2 Rd8 32. Rc8 Rg5 33. Rxd8+ Bxd8 34. Qc8 Nh2+ 35. Ke1 Nf3+ 36. Kf1 Nh2+ 37. Ke1 Nf3+ 38. Kf1 1/2-1/2


[Site "https://www.chess.com"]

[Event "Titled Tuesday Blitz May 30 Early 2023"]
[White "Danielyan, Vahe"]
[Black "Senft, Sean"]
[WhiteFideId "13304828"]
[BlackFideId "2044960"]
[WhiteElo "2423"]
[BlackElo "1989"]
[Result "0-1"]
[Round "08"]
[TimeControl "180+2"]
[Date "2023.05.30"]
[WhiteClock "0:00:14"]
[BlackClock "0:01:41"]

1. d4 d5 2. c4 c6 3. Nc3 Nf6 4. Nf3 a6 5. c5 Nbd7 6. Bf4 Nh5 7. Bd2 Nhf6 8. h3 g6 9. Bf4 Bg7 10. e3 O-O 11. Bd3 Re8 12. O-O Nh5 13. Bh2 e5 14. dxe5 Nxe5 15. Be2 Nxf3+ 16. Bxf3 Nf6 17. Qb3 Nd7 18. Na4 Qa5 19. Rac1 Qb5 20. Rfd1 Bf8 21. Bd6 Bxd6 22. cxd6 Qxb3 23. axb3 Re6 24. e4 dxe4 25. Bg4 f5 26. Be2 b5 27. Rxc6 bxa4 28. Bc4 Kf7 29. bxa4 Ne5 30. Rc7+ Kf6 31. b3 Re8 32. Rxh7 Be6 33. d7 Red8 34. Rd6 Nxc4 35. bxc4 Ra7 36. c5 Raxd7 37. Rhxd7 Rxd7 38. Rxa6 Rc7 39. c6 Bd5 0-1


[Site "https://www.chess.com"]

[Event "Titled Tuesday Blitz May 30 Early 2023"]
[White "surrenderPLS"]
[Black "Samunenkov, Ihor"]
[BlackFideId "14187086"]
[WhiteElo "2510"]
[BlackElo "2457"]
[Result "1-0"]
[Round "08"]
[TimeControl "180+2"]
[Date "2023.05.30"]
[WhiteClock "0:00:04"]
[BlackClock "0:00:00"]

1. e4 c6 2. d4 d5 3. e5 c5 4. Nf3 cxd4 5. Nxd4 Nc6 6. Nxc6 bxc6 7. Nd2 e6 8. Nf3 Ne7 9. Bd3 a5 10. Qe2 Ng6 11. h4 f6 12. h5 Nxe5 13. Nxe5 fxe5 14. Qxe5 Qf6 15. Bf4 Bc5 16. h6 Bd4 17. Qc7 Bd7 18. c3 Rc8 19. Qd6 e5 20. hxg7 Qxg7 21. cxd4 exf4 22. O-O-O Kd8 23. Qxf4 Rf8 24. Qh4+ Kc7 25. Qxh7 Qxh7 26. Rxh7 Rxf2 27. Rd2 Rf4 28. g3 Rf3 29. g4 Kd6 30. Rxd7+ Kxd7 31. Bf5+ Rxf5 32. gxf5 Rf8 33. Rf2 Ke7 34. Kd2 Kf6 35. Kd3 Rh8 36. Rc2 Rh3+ 37. Kd2 Rh2+ 38. Kc1 Rxc2+ 39. Kxc2 Kxf5 40. Kd3 a4 41. a3 Kf4 42. b3 axb3 43. a4 1-0


[Site "https://www.chess.com"]

[Event "Titled Tuesday Blitz May 30 Early 2023"]
[White "Itgelt, Khuyagtsogt"]
[Black "Mika, Tomasz"]
[WhiteFideId "4902912"]
[BlackFideId "1132970"]
[WhiteElo "2227"]
[BlackElo "2179"]
[Result "1-0"]
[Round "08"]
[TimeControl "180+2"]
[Date "2023.05.30"]
[WhiteClock "0:00:03"]
[BlackClock "0:00:00"]

1. d4 Nf6 2. Bf4 d5 3. c4 e6 4. Nc3 Bb4 5. Qa4+ Nc6 6. e3 O-O 7. a3 Bxc3+ 8. bxc3 Bd7 9. Qc2 Re8 10. Nf3 Rb8 11. Rb1 Qe7 12. c5 Rec8 13. Bd3 h6 14. h3 Ne8 15. O-O b6 16. Ba6 Rd8 17. Bb5 Na5 18. Bxd7 Qxd7 19. Ne5 Qe7 20. cxb6 axb6 21. c4 dxc4 22. Rb4 Nd6 23. Rc1 Ra8 24. Bh2 Qe8 25. a4 Nc6 26. Nxc6 Qxc6 27. Bxd6 cxd6 28. Rxc4 Qd5 29. Rb1 Ra6 30. Rb5 Qa8 31. Qb3 Rc8 32. Rxc8+ Qxc8 33. Rxb6 Qc1+ 34. Kh2 Ra5 35. Rb8+ Kh7 36. Qd3+ f5 37. Qb3 d5 38. Qb6 Rxa4 39. Rb7 Qc2 40. Qxe6 Ra1 41. Qe5 1-0


[Site "https://www.chess.com"]

[Event "Titled Tuesday Blitz May 30 Early 2023"]
[White "Tanmay Jain"]
[Black "Weishaeutel, Moritz"]
[WhiteFideId "45015481"]
[BlackFideId "12967300"]
[WhiteElo "2032"]
[BlackElo "2301"]
[Result "1-0"]
[Round "08"]
[TimeControl "180+2"]
[Date "2023.05.30"]
[WhiteClock "0:01:40"]
[BlackClock "0:00:45"]

1. e4 e5 2. Nf3 Nf6 3. Nc3 Nc6 4. g3 d5 5. exd5 Nxd5 6. Bg2 Nxc3 7. bxc3 e4 8. Qe2 Qe7 9. Nd4 Nxd4 10. cxd4 f5 11. O-O Bd7 12. d3 Bc6 13. dxe4 fxe4 14. c4 O-O-O 15. d5 Bd7 16. Be3 h5 17. c5 h4 18. c6 Bf5 19. cxb7+ Kd7 20. Qb5+ Kd6 21. Qc6+ Ke5 22. Bf4+ Kd4 23. Rfd1# 1-0


[Site "https://www.chess.com"]

[Event "Titled Tuesday Blitz May 30 Early 2023"]
[White "Toncheva, Nadya"]
[Black "Souleidis, Georgios"]
[WhiteFideId "2924056"]
[BlackFideId "4206827"]
[WhiteElo "2101"]
[BlackElo "2401"]
[Result "0-1"]
[Round "08"]
[TimeControl "180+2"]
[Date "2023.05.30"]
[WhiteClock "0:00:02"]
[BlackClock "0:00:29"]

1. e4 c5 2. Nf3 e6 3. c3 d5 4. exd5 exd5 5. d4 Nf6 6. Bb5+ Bd7 7. Qe2+ Qe7 8. Qxe7+ Bxe7 9. Bd3 c4 10. Bc2 Nc6 11. O-O O-O 12. b3 cxb3 13. axb3 Bd6 14. Bg5 Ne4 15. Bxe4 dxe4 16. Nfd2 f5 17. Na3 a6 18. Nac4 Bc7 19. d5 Ne5 20. d6 Nxc4 21. Nxc4 Bd8 22. Bf4 Be6 23. Nd2 Bf6 24. Rac1 g5 25. Be3 Rfd8 26. Bc5 Rac8 27. Bb4 a5 28. Bxa5 Rxd6 29. Rfd1 Rd3 30. c4 Ra8 31. b4 Rc8 32. c5 g4 33. Nf1 Bg5 34. Ra1 Bc4 35. Ng3 Be6 36. Rxd3 exd3 37. Rd1 d2 38. Nf1 Bb3 39. Rxd2 Bxd2 40. Nxd2 Bd5 41. Nf1 f4 42. Nd2 Kf7 43. Kf1 Ke6 44. Ke2 Kf5 45. Kd3 Bxg2 46. Kd4 Rg8 47. Nc4 Ke6 48. b5 h5 49. Ne5 h4 50. c6 bxc6 51. bxc6 g3 52. fxg3 fxg3 53. hxg3 h3 0-1


[Site "https://www.chess.com"]

[Event "Titled Tuesday Blitz May 30 Early 2023"]
[White "Fernandez Garcia, Gumersindo"]
[Black "Makaraci, Tunahan"]
[WhiteFideId "24516740"]
[BlackFideId "6356559"]
[WhiteElo "2093"]
[BlackElo "2160"]
[Result "1-0"]
[Round "08"]
[TimeControl "180+2"]
[Date "2023.05.30"]
[WhiteClock "0:01:36"]
[BlackClock "0:00:17"]

1. e4 c5 2. c3 d5 3. exd5 Qxd5 4. Nf3 g6 5. d4 Bg7 6. Be2 Nc6 7. O-O Nf6 8. c4 Qd8 9. d5 Nb8 10. Nc3 O-O 11. Bg5 Bg4 12. h3 Bxf3 13. Bxf3 Nbd7 14. Re1 Re8 15. Qd2 a6 16. a4 Qc7 17. Bf4 Qa5 18. Re2 Nf8 19. Rae1 e6 20. Bg5 exd5 21. Nxd5 Qxd2 22. Bxd2 Rxe2 23. Rxe2 Ne6 24. Nxf6+ Bxf6 25. Bxb7 Rb8 26. Bd5 Nd4 27. Re1 Rxb2 28. Bh6 Re2 29. Rb1 Re8 30. Rb7 Be7 31. g3 Nf5 32. Bf4 Kg7 33. h4 h5 34. Kg2 Rf8 35. Ra7 Bd6 36. Bxd6 Nxd6 37. Rxa6 Nf5 38. Ra7 Nd4 39. a5 Kf6 40. a6 Ke5 41. Rxf7 1-0


[Site "https://www.chess.com"]

[Event "Titled Tuesday Blitz May 30 Early 2023"]
[White "Balla, Tamas-Kristof"]
[Black "Girya, Olga"]
[WhiteFideId "1208497"]
[BlackFideId "4195752"]
[WhiteElo "2334"]
[BlackElo "2263"]
[Result "1-0"]
[Round "08"]
[TimeControl "180+2"]
[Date "2023.05.30"]
[WhiteClock "0:00:19"]
[BlackClock "0:00:00"]

1. e4 e5 2. Nf3 Nc6 3. Bc4 Bc5 4. b4 Bxb4 5. c3 Ba5 6. d4 d6 7. O-O Bg4 8. Qb3 Bxf3 9. Bxf7+ Kf8 10. gxf3 Bb6 11. Bxg8 Rxg8 12. d5 Nb8 13. Kh1 Qf6 14. c4 Bd4 15. Qxb7 Qxf3+ 16. Kg1 Qg4+ 17. Kh1 Qf3+ 18. Kg1 Qg4+ 19. Kh1 Bxa1 20. Qxa8 Qf3+ 21. Kg1 Ke7 22. Qb7 Qg4+ 23. Kh1 Qf3+ 24. Kg1 Kd7 25. Be3 Qg4+ 26. Kh1 Qf3+ 27. Kg1 Qxe4 28. Nd2 Qg6+ 29. Kh1 Bc3 30. Qb5+ Kc8 31. Rb1 Bxd2 32. Qxb8+ Kd7 33. Qb5+ Ke7 34. Bxd2 Qe4+ 35. Kg1 Qg6+ 36. Kf1 Qd3+ 37. Ke1 Qe4+ 38. Kd1 1-0


[Site "https://www.chess.com"]

[Event "Titled Tuesday Blitz May 30 Early 2023"]
[White "Schnaider, Ilan"]
[Black "Marn, Jan"]
[WhiteFideId "169013"]
[BlackFideId "14619245"]
[WhiteElo "2224"]
[BlackElo "2242"]
[Result "1-0"]
[Round "08"]
[TimeControl "180+2"]
[Date "2023.05.30"]
[WhiteClock "0:01:42"]
[BlackClock "0:00:03"]

1. e4 e5 2. Nf3 Nc6 3. Bc4 Bc5 4. c3 Nf6 5. d3 d6 6. O-O Bb6 7. Re1 h6 8. Bb3 O-O 9. h3 Ne7 10. d4 Ng6 11. Bc2 c6 12. Be3 Bc7 13. Nbd2 Re8 14. Nf1 d5 15. exd5 e4 16. Ne5 Nxe5 17. dxe5 Bxe5 18. dxc6 bxc6 19. Qe2 Qa5 20. Nd2 Ba6 21. Nc4 Qb5 22. Bb3 Nd5 23. Rad1 Bc7 24. Bd4 f6 25. Qg4 e3 26. Nxe3 Kh7 27. Bc2+ Kh8 28. Qg6 1-0


[Site "https://www.chess.com"]

[Event "Titled Tuesday Blitz May 30 Early 2023"]
[White "Nasir, Zehn"]
[Black "Bilan, Danila"]
[WhiteFideId "2613239"]
[BlackFideId "24161918"]
[WhiteElo "1993"]
[BlackElo "2182"]
[Result "1/2-1/2"]
[Round "08"]
[TimeControl "180+2"]
[Date "2023.05.30"]
[WhiteClock "0:00:18"]
[BlackClock "0:00:16"]

1. d4 d5 2. Bf4 Nf6 3. e3 c5 4. c3 Qb6 5. Qb3 c4 6. Qxb6 axb6 7. a3 Nc6 8. Nd2 b5 9. Rc1 Bf5 10. Ngf3 Nh5 11. Be5 Nxe5 12. dxe5 g6 13. Nd4 Bd7 14. f4 Ng7 15. Be2 h5 16. Bf3 e6 17. g3 Nf5 18. Nxf5 gxf5 19. Kf2 Bc5 20. Be2 Ke7 21. Nf3 Bc6 22. Nd4 f6 23. exf6+ Kxf6 24. Bf3 Rag8 25. Rhg1 Ra8 26. h3 Rag8 27. Rg2 Be7 28. Rcg1 Kf7 29. Ke2 Bf6 30. Kf2 Ra8 31. g4 hxg4 32. hxg4 fxg4 33. Bxg4 Bd7 34. Bf3 b4 35. axb4 Ra2 36. Ke1 Ra1+ 37. Kd2 Ra2 38. Kc2 Rha8 39. f5 Ba4+ 40. Kc1 e5 41. Bxd5+ Ke7 42. Nc2 Bxc2 43. Kxc2 Kd6 44. Bxc4 Ra1 45. Rxa1 Rxa1 46. Rd2+ Ke7 47. Rd1 Ra8 48. Be6 Rd8 49. Rh1 Kd6 50. Rh7 b6 51. Rb7 Kc6 52. Rf7 Bg5 53. e4 Rd2+ 54. Kb3 Rf2 55. Bd5+ Kd6 56. Rb7 Bc1 57. Rxb6+ Kc7 58. Rc6+ Kd7 59. Kc4 Rxb2 60. Re6 Rc2 61. Kd3 Rf2 62. Rxe5 Bb2 63. Re6 Rf3+ 64. Ke2 Rxc3 65. Ra6 Rc2+ 66. Kf3 Be5 67. Ra7+ Kd6 68. Ra6+ Kd7 69. Re6 Bd4 70. f6 Rf2+ 71. Kg4 Bxf6 72. Ra6 Bd4 73. b5 Kc7 74. Rc6+ Kd7 75. Rc4 Be5 76. Bc6+ Kd6 77. Rc1 Rb2 78. Rd1+ Ke6 79. Bd7+ Ke7 80. Rd5 Bd6 81. Bc6 Rb4 82. Kf5 Rb2 83. e5 Rf2+ 84. Ke4 Re2+ 85. Kd4 Ba3 86. Rd7+ Ke6 87. Bd5+ Kf5 88. Rf7+ Kg6 89. Rf3 Bb2+ 90. Kc4 Bxe5 91. Rb3 Rc2+ 92. Kd3 Rc1 93. b6 Kf6 94. b7 Bb8 95. Ra3 Rd1+ 96. Kc4 Rc1+ 97. Kb5 Rd1 98. Kc6 Rc1+ 99. Kd7 Rc7+ 100. Kd8 Rc5 101. Rd3 Ke5 102. Bh1 Bc7+ 103. Kd7 Bb8 104. Rd1 Rc7+ 105. Kd8 Rc3 106. Re1+ Kd6 107. Ra1 Rh3 108. Rd1+ Ke6 109. Kc8 Rh8+ 110. Rd8 Rxd8+ 111. Kxd8 Be5 112. Kc8 Bd6 113. Bc6 Be5 114. Bd7+ Kd5 115. Be8 Kc5 116. Bh5 Bd6 117. Bf3 Be5 118. Bg2 Bd6 119. Bh1 Be5 120. Bg2 Bd6 121. Bf1 Be5 122. Be2 Bd6 123. Bf3 Be5 124. Be4 Bd6 125. b8=Q Bxb8 1/2-1/2


[Site "https://www.chess.com"]

[Event "Titled Tuesday Blitz May 30 Early 2023"]
[White "Ambartsumova, Karina"]
[Black "Begunov, Konstantin"]
[WhiteFideId "4166299"]
[BlackFideId "4118510"]
[WhiteElo "2240"]
[BlackElo "2050"]
[Result "0-1"]
[Round "08"]
[TimeControl "180+2"]
[Date "2023.05.30"]
[WhiteClock "0:00:00"]
[BlackClock "0:00:08"]

1. e4 c5 2. Nf3 d6 3. Bb5+ Bd7 4. Bxd7+ Qxd7 5. Qe2 Nf6 6. c3 Nc6 7. d4 cxd4 8. cxd4 e6 9. Nc3 Be7 10. O-O O-O 11. Bd2 Rfc8 12. e5 dxe5 13. dxe5 Nd5 14. Rad1 Nxc3 15. Bxc3 Qc7 16. h4 Rd8 17. h5 h6 18. Qe4 Rxd1 19. Rxd1 Rd8 20. Rc1 Qd7 21. a4 Qd3 22. Qg4 Qe2 23. Re1 Rd1 24. Rxd1 Qxd1+ 25. Kh2 Bc5 26. Qh4 Qe2 27. Nd4 Qxe5+ 28. f4 Qe3 29. Nf3 Bd6 30. Bd2 Qe4 31. Qg4 Qxa4 32. g3 Qc2 33. Kh3 Ne7 34. Bc3 Nf5 35. Nd4 Qe4 36. Qf3 Qxf3 37. Nxf3 Kf8 38. Kg2 Be7 39. Nd2 Bf6 40. Bb4+ Ke8 41. b3 Ne3+ 42. Kf3 Nd5 43. Ba3 Kd7 44. Ne4 Be7 45. Bb2 b5 46. Bxg7 f5 47. Nd2 Nf6 48. Bxh6 Nxh5 49. g4 fxg4+ 50. Kxg4 Nf6+ 51. Kf3 Nd5 52. Bg7 Kc6 53. Ke4 Kc5 54. Ke5 Nc7 55. Ke4 Bd6 56. Bc3 a6 57. Bb2 Nd5 58. Be5 Bxe5 59. Kxe5 Nc7 60. Ke4 Kb4 61. Kd4 a5 62. Ne4 Nd5 63. f5 exf5 64. Nd6 Nc7 65. Nxf5 Kxb3 66. Kc5 a4 67. Nd4+ Kb2 68. Kb4 a3 69. Ne2 a2 70. Nf4 a1=Q 71. Nd3+ Kb1 72. Nc5 Qb2+ 73. Ka5 Qc3+ 74. Kb6 b4 75. Na4 Qd4+ 76. Ka5 b3 77. Nb6 b2 0-1


[Site "https://www.chess.com"]

[Event "Titled Tuesday Blitz May 30 Early 2023"]
[White "Schuh, Karsten"]
[Black "Baghdasaryan, Vahe"]
[WhiteFideId "4637950"]
[BlackFideId "13303139"]
[WhiteElo "2138"]
[BlackElo "2216"]
[Result "0-1"]
[Round "08"]
[TimeControl "180+2"]
[Date "2023.05.30"]
[WhiteClock "0:00:00"]
[BlackClock "0:00:12"]

1. Nf3 c5 2. c4 Nc6 3. g3 g6 4. Bg2 Bg7 5. O-O d6 6. Nc3 Bf5 7. d3 Qd7 8. a3 Bh3 9. Rb1 h5 10. Bg5 f6 11. Bd2 h4 12. Nd5 hxg3 13. fxg3 Bxg2 14. Kxg2 Qh3+ 15. Kg1 Rc8 16. Rf2 Nh6 17. Nf4 Qd7 18. e3 Ng4 19. Rg2 g5 20. Nd5 e6 21. Nc3 Nce5 22. Nxe5 Nxe5 23. Qe2 Qc6 24. Rf1 g4 25. e4 Nf3+ 26. Kh1 Kd7 27. b4 b6 28. b5 Qa8 29. a4 Rh3 30. Rff2 Rch8 31. Be3 f5 32. exf5 Nxh2 33. fxe6+ Ke8 34. Nd5 Nf3+ 35. Rh2 Rxh2+ 36. Rxh2 Rxh2+ 37. Qxh2 Nxh2 38. Kxh2 Qb7 39. Bg5 Be5 40. Kg1 Qh7 0-1


[Site "https://www.chess.com"]

[Event "Titled Tuesday Blitz May 30 Early 2023"]
[White "Hajiyev, Kanan"]
[Black "Budrewicz, Krzysztof"]
[WhiteFideId "13404148"]
[BlackFideId "1127950"]
[WhiteElo "2103"]
[BlackElo "2230"]
[Result "1/2-1/2"]
[Round "08"]
[TimeControl "180+2"]
[Date "2023.05.30"]
[WhiteClock "0:00:09"]
[BlackClock "0:00:23"]

1. c4 g6 2. b3 Bg7 3. Nc3 Nf6 4. Bb2 O-O 5. g3 c5 6. Bg2 Nc6 7. Nf3 d6 8. O-O Bg4 9. h3 Bd7 10. d4 a6 11. d5 Na5 12. e4 Ne8 13. e5 b5 14. e6 fxe6 15. dxe6 Bxe6 16. Ng5 Bd7 17. Qd5+ e6 18. Nxe6 Bxe6 19. Qxe6+ Kh8 20. Bxa8 Qxa8 21. cxb5 axb5 22. Rad1 c4 23. b4 Nc6 24. a3 Ne5 25. Qd5 Qc8 26. Kg2 Nd3 27. Rxd3 cxd3 28. Qxd3 Qb7+ 29. f3 Nf6 30. Nxb5 Qd5 31. Qxd5 Nxd5 32. Bxg7+ Kxg7 33. Kf2 Rc8 34. Re1 Rc6 35. g4 Kf6 36. Rd1 Ke5 37. Rd2 Nf4 38. Kg3 g5 39. h4 h6 40. hxg5 hxg5 41. a4 d5 42. Nd4 Rc4 43. Nf5 Rxb4 44. Ra2 Rb7 45. a5 Ra7 46. a6 d4 47. Ra5+ Nd5 48. Ne7 Rxe7 49. a7 Rxa7 50. Rxa7 d3 51. Kf2 Kd4 52. Rd7 Kc4 53. Ke1 Ne3 54. Kd2 Nf1+ 55. Ke1 Ne3 56. Kd2 Nf1+ 57. Kd1 Nh2 58. f4 gxf4 59. g5 f3 60. g6 f2 61. Rf7 f1=Q+ 62. Rxf1 Nxf1 63. g7 Ne3+ 64. Kd2 Nf1+ 65. Ke1 d2+ 66. Ke2 Kc3 67. g8=Q Ne3 68. Qg7+ Kc2 69. Kxe3 d1=Q 70. Qc7+ Kb1 71. Qb6+ Ka1 72. Qf6+ Kb1 73. Qb6+ Ka1 74. Qa5+ Kb1 75. Qb4+ Ka2 76. Qa5+ Kb2 77. Qe5+ Kb1 78. Qb5+ Ka2 79. Qa6+ Kb2 80. Qb7+ Qb3+ 81. Qxb3+ Kxb3 1/2-1/2


[Site "https://www.chess.com"]

[Event "Titled Tuesday Blitz May 30 Early 2023"]
[White "ATM622"]
[Black "Mogirzan, Matei-Valeriu"]
[BlackFideId "1257455"]
[WhiteElo "2552"]
[BlackElo "1733"]
[Result "1-0"]
[Round "08"]
[TimeControl "180+2"]
[Date "2023.05.30"]
[WhiteClock "0:00:56"]
[BlackClock "0:00:01"]

1. d4 Nf6 2. c4 e6 3. g3 c5 4. d5 exd5 5. cxd5 d6 6. Bg2 g6 7. Nf3 Bg7 8. O-O O-O 9. Nc3 Bg4 10. e4 Nfd7 11. h3 Bxf3 12. Bxf3 Na6 13. Bf4 Ne5 14. Bg2 g5 15. Bxe5 Bxe5 16. f4 Bd4+ 17. Kh1 Nc7 18. Qh5 gxf4 19. gxf4 Qf6 20. e5 dxe5 21. Ne4 Qg6 22. d6 Nd5 23. Qh4 f5 24. fxe5 Ne3 25. Rg1 Kh8 26. Ng5 Bxe5 27. Bxb7 Rab8 28. d7 Rxb7 29. d8=Q Qc6+ 30. Ne4 Rf7 31. Qd3 f4 32. Rae1 Rd7 33. Qb1 Rd4 34. Qf2 Rxe4 35. Qf3 Rd8 36. Qfxe4 Qc7 37. Rd1 Rf8 38. Rd5 Nxd5 39. Qxd5 Qe7 40. Qbe4 f3 41. Qdxe5+ Qxe5 42. Qxe5+ 1-0


[Site "https://www.chess.com"]

[Event "Titled Tuesday Blitz May 30 Early 2023"]
[White "Aggelis, Nikolaos"]
[Black "Goswami, Vedant"]
[WhiteFideId "4213220"]
[BlackFideId "5003725"]
[WhiteElo "2189"]
[BlackElo "2011"]
[Result "0-1"]
[Round "08"]
[TimeControl "180+2"]
[Date "2023.05.30"]
[WhiteClock "0:00:20"]
[BlackClock "0:01:52"]

1. e4 c6 2. Nf3 d5 3. d3 dxe4 4. dxe4 Qxd1+ 5. Kxd1 g6 6. Nc3 Bg7 7. Bd2 Nf6 8. Bd3 Nbd7 9. e5 Ng4 10. Be3 Nxe3+ 11. fxe3 Nxe5 12. Nxe5 Bxe5 13. e4 Bg4+ 14. Kc1 O-O 15. h3 Be6 16. g4 Rad8 17. Rd1 a6 18. a3 c5 19. Kd2 c4 20. Kc1 cxd3 21. cxd3 Bb3 22. Rd2 Bf4 23. Kb1 Bxd2 24. Nd5 Rxd5 25. exd5 Rc8 26. d4 Rc1# 0-1


[Site "https://www.chess.com"]

[Event "Titled Tuesday Blitz May 30 Early 2023"]
[White "Srdanovic, Jovana"]
[Black "Wang, Ricky"]
[WhiteFideId "954810"]
[BlackFideId "2071916"]
[WhiteElo "2169"]
[BlackElo "2308"]
[Result "0-1"]
[Round "08"]
[TimeControl "180+2"]
[Date "2023.05.30"]
[WhiteClock "0:00:06"]
[BlackClock "0:00:41"]

1. d4 Nf6 2. c4 Nc6 3. d5 Ne5 4. e4 e6 5. f3 d6 6. Nc3 exd5 7. cxd5 c6 8. Bg5 Be7 9. dxc6 Nxc6 10. Qd2 O-O 11. Rd1 Qb6 12. Be3 Qa5 13. Bc4 Be6 14. Bxe6 fxe6 15. Nge2 Rad8 16. O-O d5 17. exd5 exd5 18. Nd4 Rfe8 19. Kh1 Bc5 20. a3 Qb6 21. Na4 Bxd4 22. Nxb6 Bxe3 23. Qd3 Bxb6 24. h3 Re3 25. Qf5 Nd4 26. Qf4 Ne2 27. Qh4 Bc7 28. Rfe1 Rde8 29. Qg5 Ng3+ 30. Kg1 Rxe1+ 31. Rxe1 Rxe1+ 32. Kf2 Nfe4+ 33. fxe4 Nxe4+ 34. Kf3 Nxg5+ 35. Kg4 h6 36. b4 Re4+ 37. Kh5 Kh7 38. g4 g6+ 39. Kh4 Nf3# 0-1


[Site "https://www.chess.com"]

[Event "Titled Tuesday Blitz May 30 Early 2023"]
[White "Rodriguez Santiago, Jaime"]
[Black "Liu, Xiangyi"]
[WhiteFideId "3100898"]
[BlackFideId "8605718"]
[WhiteElo "2025"]
[BlackElo "2323"]
[Result "0-1"]
[Round "08"]
[TimeControl "180+2"]
[Date "2023.05.30"]
[WhiteClock "0:00:09"]
[BlackClock "0:00:59"]

1. c4 e5 2. Nc3 Nc6 3. g3 h5 4. h3 f5 5. Bg2 Nf6 6. d3 h4 7. gxh4 Be7 8. Bg5 d6 9. Nf3 Be6 10. b3 Qd7 11. d4 e4 12. Ng1 d5 13. c5 Nh7 14. Bxe7 Qxe7 15. e3 Qxh4 16. Nge2 Nf6 17. a3 g5 18. b4 f4 19. Qd2 f3 20. Bxf3 exf3 21. Ng3 a6 22. Qd3 Kf7 23. Rb1 g4 24. e4 dxe4 25. Ngxe4 Rae8 26. Kd2 Qh6+ 27. Kc2 Nxe4 28. Nxe4 Bf5 29. Rbe1 Qf4 30. Qc4+ Kg7 0-1


[Site "https://www.chess.com"]

[Event "Titled Tuesday Blitz May 30 Early 2023"]
[White "Barbot, Pierre"]
[Black "Vlassov, Nikolai"]
[WhiteFideId "663727"]
[BlackFideId "4103360"]
[WhiteElo "2431"]
[BlackElo "2324"]
[Result "0-1"]
[Round "08"]
[TimeControl "180+2"]
[Date "2023.05.30"]
[WhiteClock "0:00:00"]
[BlackClock "0:00:49"]

1. d4 Nf6 2. Nf3 e6 3. Bf4 c5 4. e3 b6 5. Nbd2 Bb7 6. Bd3 Be7 7. c3 h6 8. O-O g5 9. Bg3 g4 10. Ne5 h5 11. f3 d6 12. Nxf7 Kxf7 13. fxg4 hxg4 14. Qxg4 Qg8 15. Qf4 Nd7 16. e4 Ke8 17. Nc4 e5 18. dxe5 dxe5 19. Nxe5 Nh5 20. Qf5 Nxe5 21. Bxe5 c4 22. Bxh8 Qxh8 23. Bxc4 Bc5+ 24. Rf2 Bxf2+ 25. Qxf2 Qf6 26. Bb5+ Ke7 27. Qe2 Nf4 28. Qg4 Bc8 29. Qf3 Nh3+ 30. Qxh3 Bxh3 0-1


[Site "https://www.chess.com"]

[Event "Titled Tuesday Blitz May 30 Early 2023"]
[White "Pinheiro, Iung Alicio de O."]
[Black "Kuznetsov, Mikhail"]
[WhiteFideId "2104350"]
[BlackFideId "4117190"]
[WhiteElo "2283"]
[BlackElo "1981"]
[Result "1-0"]
[Round "08"]
[TimeControl "180+2"]
[Date "2023.05.30"]
[WhiteClock "0:01:18"]
[BlackClock "0:00:48"]

1. d4 Nf6 2. c4 g6 3. Nc3 d5 4. Nf3 Bg7 5. h3 O-O 6. cxd5 Nxd5 7. e4 Nxc3 8. bxc3 c5 9. Be2 Nc6 10. Be3 cxd4 11. cxd4 Qa5+ 12. Bd2 Qa3 13. d5 Bxa1 14. Qxa1 Nb4 15. O-O f6 16. Bh6 Rd8 17. Bc4 Rd6 18. e5 Rxd5 19. exf6 Kf7 20. Ng5+ Ke8 21. f7+ Kd7 22. f8=Q b6 23. Qag7 Nc6 24. Bxd5 Bb7 25. Bxc6+ Bxc6 26. Rd1+ Kc7 27. Qgxe7+ Qxe7 28. Qxe7+ Bd7 29. Qxd7+ Kb8 30. Ne6 g5 31. Qc7# 1-0


[Site "https://www.chess.com"]

[Event "Titled Tuesday Blitz May 30 Early 2023"]
[White "koncheto"]
[Black "Sai Han Thiha"]
[BlackFideId "13012290"]
[WhiteElo "2583"]
[BlackElo "1954"]
[Result "1-0"]
[Round "08"]
[TimeControl "180+2"]
[Date "2023.05.30"]
[WhiteClock "0:00:02"]
[BlackClock "0:00:00"]

1. d4 Nf6 2. Bg5 e6 3. e4 h6 4. Bxf6 Qxf6 5. Nf3 d6 6. Bd3 g6 7. Nbd2 Bg7 8. h4 Nc6 9. c3 e5 10. dxe5 dxe5 11. h5 g5 12. Nh2 O-O 13. Ng4 Qd6 14. Bc2 Be6 15. Ne3 Rad8 16. Qe2 Ne7 17. b3 Qc5 18. Nd1 Rd6 19. Qe3 Qc6 20. Nb2 b5 21. a4 a6 22. axb5 axb5 23. O-O Rfd8 24. Nf3 Bg4 25. c4 Bxh5 26. cxb5 Qxb5 27. Nc4 R6d7 28. Ra5 Qb4 29. Nfxe5 Rd4 30. Ra7 Qb6 31. Nxb6 Bxe5 32. Nd5 Ng6 33. Rxc7 Nf4 34. Rc6 Ne2+ 35. Kh1 Bf4 36. Nxf4 gxf4 37. Qh3 Bg6 38. Qxh6 R4d6 39. Rxd6 Rxd6 40. e5 Re6 41. Bxg6 Rxg6 42. Qxg6+ fxg6 43. b4 Nd4 44. Rc1 Kf7 45. Rc5 Ke6 46. Ra5 Nb3 47. Ra6+ Kf5 48. Rf6+ Kxe5 49. Rxg6 Nd4 50. b5 1-0


[Site "https://www.chess.com"]

[Event "Titled Tuesday Blitz May 30 Early 2023"]
[White "Dinu, Dumitru-Daniel"]
[Black "Mamedov, Edgar"]
[WhiteFideId "1208403"]
[BlackFideId "13739980"]
[WhiteElo "2240"]
[BlackElo "2317"]
[Result "1-0"]
[Round "08"]
[TimeControl "180+2"]
[Date "2023.05.30"]
[WhiteClock "0:01:25"]
[BlackClock "0:01:19"]

1. e4 c5 2. b3 g6 3. Bb2 Nf6 4. Nc3 d6 5. Bb5+ Bd7 6. Bxd7+ Nbxd7 7. f4 Bg7 8. d3 O-O 9. Nf3 b5 10. O-O b4 11. Ne2 a5 12. a4 e5 13. fxe5 Ng4 14. Qd2 Ngxe5 15. Nxe5 Nxe5 16. Rab1 Qd7 17. Nf4 f5 18. Nd5 fxe4 19. dxe4 Rab8 20. Qe2 h6 21. Rxf8+ Rxf8 22. Rf1 Rxf1+ 23. Qxf1 Qg4 24. Ne7+ Kh7 25. Bxe5 Bxe5 26. Qf7+ Bg7 27. Qg8# 1-0


[Site "https://www.chess.com"]